 Dungeon Crawl Stone Soup version 0.19.0-18-g426998a (webtiles) character file.

44 Madoushi the Insei (level 3, 0/23 HPs)
             Began as an Octopode Transmuter on Nov 11, 2016.
             Was an Initiate of Cheibriados.
             Slain by a jackal (2 damage)
             ... on level 2 of the Dungeon.
             The game lasted 00:13:54 (1277 turns).

Madoushi the Insei (Octopode Transmuter)            Turns: 1277, Time: 00:13:55

Health: 0/23       AC:  2    Str: 11    XL:     3   Next: 62%
Magic:  1/6        EV: 20    Int: 16    God:    Cheibriados [......]
Gold:   71         SH:  0    Dex: 18    Spells: 2 memorised, 2 levels left

rFire  . . .     SeeInvis .       - Unarmed
rCold  . . .     Gourm    .     (shield currently unavailable)
rNeg   . . .     Faith    .     (helmet currently unavailable)
rPois  x         Spirit   .     (no amulet)
rElec  .         Reflect  .     (no ring)
rCorr  .         Harm     .     (no ring)
MR     .....                    (no ring)
Stlth  ++........               (no ring)
                                (no ring)
                                (no ring)
                                (no ring)
                                (no ring)

@: spider-form (expiring), very slightly contaminated, very slow
A: almost no armour, stealthy swim, (amphibious), 8 rings, (constrict 8),
(camouflage 0), (gelatinous body 0)
a: End Transformation, Bend Time, Renounce Religion


You were on level 2 of the Dungeon.
You worshipped Cheibriados.
Cheibriados was noncommittal.
You were not hungry.
You were a venomous arachnid creature.
You visited 1 branch of the dungeon, and saw 2 of its levels.

You collected 71 gold pieces.

Inventory:

Hand Weapons
 e - a cursed -1 club
 f - a +0 short sword (melded)
 h - a +0 whip
 i - a +0 spear
 m - a +0 whip
 p - a +0 club
 u - a +0 club
 w - a +0 short sword
 z - a +0 dagger
Missiles
 a - 27 arrows
 g - 54 stones (quivered)
 j - 32 poisoned needles
 s - 13 bolts
Armour
 q - a +0 robe
 t - a +0 chain mail
 v - a +0 centaur barding
 x - a +0 chain mail
Scrolls
 n - a scroll of amnesia {unknown}
 r - 2 scrolls of identify {unknown}
 y - a scroll of remove curse {unknown}
Potions
 d - a potion of curing {unknown}
 k - 2 potions of flight {unknown}
 o - a potion of heal wounds {unknown}
 A - a potion of haste {unknown}
 B - 2 potions of might {unknown}
Books
 b - a book of Changes

   Spells                             Type                      Level
   a - Beastly Appendage              Transmutation                1
   b - Sticks to Snakes               Transmutation                2
   c - Spider Form                    Transmutation/Poison         3
   d - Ice Form                       Ice/Transmutation            4
   e - Blade Hands                    Transmutation                5
Comestibles
 c - a bread ration
 l - a meat ration


   Skills:
 + Level 1.0 Fighting
 + Level 0.8 Short Blades
 + Level 2.6 Dodging
 + Level 1.9 Stealth
 + Level 3.3 Unarmed Combat
 + Level 2.1 Spellcasting
 + Level 2.2 Transmutations


You had 2 spell levels left.
You knew the following spells:

 Your Spells              Type           Power        Failure   Level  Hunger
a - Beastly Appendage     Tmut           #.....       24%         1    #......
b - Spider Form           Tmut/Pois      #.........   61%         3    ###....


Dungeon Overview and Level Annotations

Branches:
Dungeon (2/15)

Altars:
Cheibriados
Dithmenos


Innate Abilities, Weirdness & Mutations

You cannot wear most types of armour.
You are very stealthy in the water. (Stealth+)
((You are amphibious.))
You can wear up to eight rings at the same time.
((You can use your tentacles to constrict eight enemies at once.))
((Your skin changes colour to match your surroundings (Stealth+).))
((Your rubbery body absorbs attacks. (AC +1, EV +1)))


Message History

The jackal completely misses you. The jackal barely misses you.
You closely miss the goblin.
The goblin is moderately wounded.
The jackal bites you but does no damage.
The jackal closely misses you. The ooze hits you.
* * * LOW HITPOINT WARNING * * *
The jackal closely misses you. The ooze barely misses you.
The jackal bites you but does no damage.
The jackal bites you.
* * * LOW HITPOINT WARNING * * *
The ooze closely misses you. The jackal completely misses you.
The ooze hits you but does no damage. The goblin barely misses you.
The goblin closely misses you.
Your transformation is almost over.
The jackal misses you.
The ooze jiggles.
The jackal closely misses you. The jackal misses you. The jackal bites you.
You die...

....##.# ....##.####
.........# #.......#
#.......#### ######## .
#.....<..... #......# ...
#.......#######......##
.....##...gh.................
.........Jghs.#######......##
..........###########......#
..........#................##
..........#..................
..........#..................
..........#..................
..$.......#.................†
#####.....###############....
#.†..


You could see an ooze, 2 jackals and 2 goblins.

Vanquished Creatures
  A worm (D:2)
  A dart slug (D:1)
  2 leopard geckos
  3 goblins
  4 hobgoblins (D:1)
  2 quokkas (D:2)
  A ball python (D:1)
  11 bats
  4 frilled lizards
  5 kobolds (D:1)
  6 rats (D:1)
40 creatures vanquished.

Notes
Turn   | Place    | Note
-------+----------+-------------------------------------------
     0 | D:1      | Madoushi the Octopode Transmuter began the quest for the Orb.
     0 | D:1      | Reached XP level 1. HP: 13/13 MP: 3/3
   186 | D:1      | Reached XP level 2. HP: 10/18 MP: 3/5
   339 | D:1      | Reached skill level 1 in Stealth
   518 | D:1      | Reached XP level 3. HP: 5/23 MP: 6/6
  1014 | D:2      | Found a shadowy altar of Dithmenos.
  1014 | D:2      | Found a snail-covered altar of Cheibriados.
  1060 | D:2      | Became a worshipper of Cheibriados the Contemplative
  1104 | D:2      | Learned a level 3 spell: Spider Form
  1277 | D:2      | Slain by a jackal

Skill      XL: |  1  2 |
---------------+-------+-----
Stealth        | 1 |  1.9
Fighting       | |  1.0
Short Blades   | |  0.8
Dodging        | |  2.6
Unarmed Combat | |  3.3
Spellcasting   | |  2.1
Transmutations | |  2.2

Action                   || total
-------------------------++-------
Melee: Short sword       ||    72
       Unarmed           ||    17
       Constrict         ||    22
       Tentacles         ||     7
       Kick              ||     4
 Cast: Beastly Appendage ||     5
       Spider Form       ||     3
 Stab: Sleeping          ||     7
       Distracted        ||     1
  Eat: Meat ration       ||     1
Armor: Skin              ||    17
Dodge: Dodged            ||   119
